 Dungeon Crawl Stone Soup version 0.31-a0-538-gbc85326fa9 (webtiles) character file.

Game seed: 2854759240307358929

286 HoaS the Skirmisher (level 6, -1/35 HPs)
             Began as a Kobold Hunter on Aug 13, 2023.
             Constricted to death by Ijyb (5 damage)
             ... on level 3 of the Dungeon.
             The game lasted 00:08:38 (3126 turns).

HoaS the Skirmisher (Kobold Hunter)                 Turns: 3126, Time: 00:08:39

Health: -1/35      AC:  4    Str:  9    XL:     6   Next: 56%
Magic:  6/6        EV: 12    Int: 10    God:
Gold:   199        SH:  5    Dex: 20    Spells: 5/5 levels left

rFire   + . .        a - +0 shortbow
rCold   + . .        (shield currently unavailable)
rNeg    . . .        i - +2 robe of Distant Shores {rCorr}
rPois   .            (no helmet)
rElec   .            d - scarf {rC+ rF+}
rCorr   +            (no gloves)
SInv    .            (no boots)
Will    .....        e - amulet of reflection
Stlth   +++          (no ring)
HPRegen 0.25/turn    (no ring)
MPRegen 0.10/turn

%: reflection
@: grasped by roots, constricted
A: small, no large weapons, nightstalker 3
a: no special abilities


You were on level 3 of the Dungeon.
You visited 1 branch of the dungeon, and saw 3 of its levels.

You collected 199 gold pieces.

Inventory:

Hand Weapons
 a - a +0 shortbow (weapon)
Armour
 d - a scarf of resistance (worn)
 i - the +2 robe of Distant Shores (worn) {rCorr}
   (You found it on level 2 of the Dungeon)

   rCorr:     It protects you from acid and corrosion.
Jewellery
 e - an amulet of reflection (around neck)
Scrolls
 b - a scroll of butterflies
 f - 2 scrolls of teleportation
 k - a scroll of identify {unknown}
Potions
 c - a potion of haste {unknown}
 g - 2 potions of curing {unknown}
 h - a potion of brilliance {unknown}
 j - a potion of berserk rage {unknown}


   Skills:
 - Level 2.1 Fighting
 + Level 9.7 Ranged Weapons
 - Level 2.4 Dodging
 - Level 1.3 Stealth


You had 5 spell levels left.
You didn't know any spells.
Your spell library was empty.

Dungeon Overview and Level Annotations

Branches:
Dungeon (3/15)

Altars:

Annotations:
D:3 Grinder, Ijyb


Innate Abilities, Weirdness & Mutations

You are small and have problems with some larger weapons.
You are completely attuned to the shadows.


Message History

Ijyb closely misses you.
You shoot an arrow. The arrow hits Ijyb.
Ijyb is lightly wounded.
Ijyb closely misses you.
You shoot an arrow. The arrow hits Ijyb!
Ijyb is heavily wounded.
Ijyb hits you with a +0 club.
You shoot an arrow. The arrow hits Ijyb!
Ijyb is almost dead.
Ijyb barely misses you.
You shoot an arrow. The arrow hits Ijyb but does no damage.
Ijyb is almost dead.
Ijyb zaps a wand.
The roots erupt in riotous growth!
The grasping roots grab you!
Ijyb is unaffected.
The grasping roots constrict you.
You shoot an arrow. The arrow hits Ijyb but does no damage.
Ijyb is almost dead.
Ijyb hits you with a +0 club. The grasping roots constrict you.
You shoot an arrow. The arrow barely misses Ijyb.
Ijyb misses you. The grasping roots constrict you.
You shoot an arrow. The arrow hits Ijyb but does no damage.
Ijyb is almost dead.
Ijyb barely misses you. The grasping roots constrict you.
The grasping roots release their grip on you.
You shoot an arrow. The arrow hits Ijyb but does no damage.
Ijyb is almost dead.
You shoot an arrow. The arrow barely misses Ijyb.
You block Ijyb's attack.
You shoot an arrow. The arrow closely misses Ijyb.
Ijyb zaps a wand.
The roots erupt in riotous growth!
The grasping roots grab you!
Ijyb is unaffected.
The grasping roots constrict you.
* * * LOW HITPOINT WARNING * * *
You shoot an arrow. The arrow barely misses Ijyb.
Ijyb hits you with a +0 club.
* * * LOW HITPOINT WARNING * * *
The grasping roots constrict you.
* * * LOW HITPOINT WARNING * * *
Okay, then.
You shoot an arrow. The arrow closely misses Ijyb.
Ijyb completely misses you. The grasping roots constrict you.
You die...

................#...
................#...
....#...........#...
................'...
........######...## #
........# #.........#
.....##.# #.......#..
....g##.###...###.#..
....@#....#..)......#
.....#....#........##
..........#........##
................#. #.
................# #.
..........).#...# #.
...........#...#..#.
....#...#..#.
......###..#.


You could see Ijyb.

Vanquished Creatures
  An orc priest (D:3)
  An iguana (D:2)
  An orc wizard (D:3)
  Terence (D:2)
  4 adders
  4 gnolls
  6 worms
  3 dart slugs
  10 orcs (D:3)
  5 bats
  5 endoplasms
  3 giant cockroaches (D:2)
  5 goblins
  6 hobgoblins
  2 quokkas
  8 ball pythons
  4 frilled lizards
  3 kobolds
  9 rats
81 creatures vanquished.

Notes
Turn   | Place    | Note
-------+----------+-------------------------------------------
     0 | D:1      | HoaS the Kobold Hunter began the quest for the Orb.
     0 | D:1      | Reached XP level 1. HP: 12/12 MP: 1/1
   123 | D:1      | Reached XP level 2. HP: 17/17 MP: 2/2
   159 | D:1      | Reached skill level 6 in Ranged Weapons
   521 | D:1      | Reached XP level 3. HP: 21/21 MP: 3/3
   955 | D:2      | Reached skill level 7 in Ranged Weapons
  1053 | D:2      | Reached XP level 4. HP: 7/26 MP: 4/4
  1130 | D:2      | Identified the +0 ring mail of the Crypt {rPois rF++ Dex+3}
  1307 | D:2      | Identified the +2 robe of Distant Shores {rCorr}
  1355 | D:2      | Reached XP level 5. HP: 30/30 MP: 5/5
  1358 | D:2      | Noticed Terence
  1364 | D:2      | Killed Terence
  1365 | D:2      | Reached skill level 8 in Ranged Weapons
  1674 | D:2      | Identified the +4 hand axe "Vuos" {heavy, rN+}
  2565 | D:3      | Reached skill level 9 in Ranged Weapons
  2565 | D:3      | Reached XP level 6. HP: 35/35 MP: 6/6
  2865 | D:3      | Identified the +4 mace of Nurghutze {pain, Will+}
  3047 | D:3      | Noticed Grinder
  3111 | D:3      | Noticed Ijyb
  3126 | D:3      | Constricted to death by Ijyb

Illustrated notes

Levels and vault maps discovered:
D:1:      scummos_arrival_gate, layout_loops_ring
D:2:      layout_loops_ring, eino_tiny_chamber, hangedman_decor_clover_reticule,
          uniq_terence
D:3:      cheibrodos_pilgrimage, layout_basic, uniq_grinder, uniq_ijyb

Skill      XL: |  1  2  3  4  5 |
---------------+----------------+-----
Ranged Weapons | 6 7 9 |  9.7
Fighting       | |  2.1
Dodging        | |  2.4
Stealth        | |  1.3

Action                     |  1- 3 |  4- 6 || total
---------------------------+-------+-------++-------
   Fire: Shortbow          |    92 |   193 ||   285
    Use: Scroll            |     2 |       ||     2
 Armour: Leather armour    |     6 |       ||     6
         Robe              |       |    15 ||    15
  Dodge: Dodged            |    24 |    36 ||    60
  Block: Other             |    11 |    15 ||    26

Table legend: (Time is in decaauts)
 A = Elapsed time spent in this place.
 B = Non-inter-level travel time spent in this place.
 C = Inter-level travel time spent in this place.
 D = Time resting spent in this place.
 E = Time spent auto-exploring this place.
 F = Levels seen in this place.
 G = Mean time per level.
                   A        B        C        D        E       F      G
               +--------+--------+--------+--------+--------+-----+--------+
         Total |   3133 |   3066 |     67 |    626 |   1928 |   3 | 1044.3 |
       Dungeon |   3133 |   3066 |     67 |    626 |   1928 |   3 | 1044.3 |
               +--------+--------+--------+--------+--------+-----+--------+

Top non-repeatable levels by time:
     D:3: 1169 daAuts
     D:2: 1001 daAuts
     D:1: 962 daAuts
